[Event "Late-Titled-Tuesday-Blitz-September-26-2023"]
[Site "Chess.com"]
[Date "2023.09.26"]
[Round "6"]
[White "Mikhail_Golubev"]
[Black "nihalsarin"]
[Result "1/2-1/2"]
[WhiteElo "2601"]
[BlackElo "3065"]
[TimeControl "180+1"]
[EndTime "15:04:20 PDT"]
[Termination "Game drawn by repetition"]

1. e4 a6 2. a3 c6 3. d4 d5 4. Nc3 dxe4 5. Nxe4 Nf6 6. Ng3 h5 7. h4 Bg4 8. Qd3 Nbd7 9. Bf4 e6 10. f3 Bf5 11. Nxf5 Qa5+ 12. Bd2 Qxf5 13. Qxf5 exf5 14. Bd3 g6 15. Ne2 O-O-O 16. O-O-O Bd6 17. c4 Rde8 18. Nf4 Re7 19. Rhe1 Rhe8 20. Rxe7 Rxe7 21. Kc2 Re8 22. b4 Bc7 23. c5 Kd8 24. Bc4 Bxf4 25. Bxf4 Nd5 26.
Bxd5 cxd5 27. Kd3 Nf8 28. a4 Ne6 29. Bd2 Kd7 30. Ra1 Ra8 31. Re1 f6 32. g3 Re8 33.
Ra1 Ra8 34. Re1 Rg8 35. b5 axb5 36. axb5 Ra8 37. c6+ bxc6 38. bxc6+ Ke7 39. Bb4+ Kf7 40. Bd6 Ra4 41. Rc1 Rxd4+ 42. Ke3 Ra4 43. c7 Nxc7 44. Rxc7+ Ke6 45. Bf4 Ra3+ 46. Ke2 Ra2+ 47. Kd3 Ra3+ 48. Rc3 Ra6 49. Rb3 Ra4 50. Be3 d4 51. Bxd4 f4 52.
Rb6+ Kd5 53. Rb5+ Kc6 54. Rc5+ Kd6 55. gxf4 Ra3+ 56. Kc4 Rxf3 57. Ra5 Rxf4 58. Ra6+ Ke7 59. Kd3 g5 60. hxg5 fxg5 61. Ke3 Rf5 62. Ke4 Rb5 63. Be5 g4 64. Kf5 Kd7 65. Rh6 g3 66. Rxh5 g2 67. Rg5 Rb1 68. Rxg2 Rf1+ 69. Bf4 Rb1 70. Rd2+ Kc6 71.
Ke6 Re1+ 72. Be5 Rh1 73. Rd6+ Kb5 74. Rd8 Rh6+ 75. Kd5 Rh5 76. Rb8+ Ka5 77. Rb1 Rg5 78. Ra1+ Kb5 79. Rb1+ Ka5 80. Ra1+ Kb5 81. Rb1+ Ka5 1/2-1/2

[Event "Late-Titled-Tuesday-Blitz-September-26-2023"]
[Site "Chess.com"]
[Date "2023.09.26"]
[Round "6"]
[White "hansen"]
[Black "IgorBjelobrk"]
[Result "0-1"]
[WhiteElo "2898"]
[BlackElo "2616"]
[TimeControl "180+1"]
[EndTime "15:04:20 PDT"]
[Termination "IgorBjelobrk won on time"]

1. e4 e6 2. d4 d5 3. Nc3 Bb4 4.
e5 b6 5. a3 Bf8 6. Bb5+ Bd7 7.
Qg4 Bxb5 8. Nxb5 a6 9. Nc3 c5 10. Nf3 Nc6 11. Ne2 Nge7 12. c3 Na5 13. Nf4 Nb3 14.
Rb1 Nxc1 15. Rxc1 g6 16. Ng5 Qd7 17. Qf3 Nc6 18. Qd3 Be7 19. h4 Rc8 20. O-O c4 21. Qg3 Bxg5 22. hxg5 h5 23. gxh6 Rxh6 24. Qg5 Rh7 25. Nh3 Qe7 26. f4 Qxg5 27. Nxg5 Rh8 28. Kf2 Ke7 29. Rh1 b5 30. g4 a5 31. Ra1 Rcg8 32.
Kg3 Nb8 33. Nh7 Nd7 34. g5 Nb6 35. Nf6 Rb8 36. Rh6 Na4 37. Rah1 Rxh6 38. gxh6 Rh8 39.
Kg4 Kf8 40. Kg5 Nb6 41. Rb1 a4 42. Rh1 Nc8 43. Nd7+ Ke7 44. Nf6 Kf8 0-1

[Event "Late-Titled-Tuesday-Blitz-September-26-2023"]
[Site "Chess.com"]
[Date "2023.09.26"]
[Round "6"]
[White "Zhigalko_Sergei"]
[Black "ChristopherYoo"]
[Result "1-0"]
[WhiteElo "2910"]
[BlackElo "3001"]
[TimeControl "180+1"]
[EndTime "15:04:21 PDT"]
[Termination "Zhigalko_Sergei won on time"]

1. e4 e5 2. Nf3 Nc6 3. Bb5 a6 4. Ba4 Nf6 5. O-O Be7 6. Re1 b5 7. Bb3 d6 8. c3 O-O 9. h3 Nb8 10. d4 Nbd7 11. Nbd2 Bb7 12. Bc2 Re8 13. Nf1 Bf8 14. Ng3 g6 15. b3 Bg7 16. d5 Nb6 17.
Rb1 c6 18. c4 Qc7 19. Bd3 Rec8 20. Be3 cxd5 21. cxd5 Qd8 22. a4 b4 23. Rc1 Rxc1 24.
Qxc1 Rc8 25. Qd2 a5 26. Rc1 Nfd7 27. Bb5 Nc5 28. Bxc5 dxc5 29. Qe3 Qd6 30. Nd2 h5 31. Nc4 Nxc4 32. Rxc4 Kh7 33. Qc1 Bf8 34. Nf1 Rc7 35.
Ne3 Bh6 36. Bc6 Bxe3 37. fxe3 Ba6 38. Rxc5 Bd3 39. Rxa5 Bxe4 40. Qc5 Qxc5 41. Rxc5 Bxd5 42. Rxd5 Rxc6 43. Rb5 Rc3 44. Rxb4 Rxe3 45. a5 Rd3 46. a6 Rd1+ 47. Kf2 Rd2+ 48. Ke3 Rd7 49. Ra4 1-0

[Event "Late-Titled-Tuesday-Blitz-September-26-2023"]
[Site "Chess.com"]
[Date "2023.09.26"]
[Round "6"]
[White "TatjanaVasilevich"]
[Black "Dhaydon19"]
[Result "1-0"]
[WhiteElo "2581"]
[BlackElo "2728"]
[TimeControl "180+1"]
[EndTime "15:04:24 PDT"]
[Termination "TatjanaVasilevich won by checkmate"]

1. Nf3 d5 2. b3 Nf6 3. Bb2 c5 4. g3 Nc6 5. d4 e6 6. Bg2 cxd4 7. Nxd4 Bc5 8. O-O O-O 9. e3 Bd7 10. Nd2 Qb6 11. Nxc6 Bxc6 12. c4 d4 13. Bxc6 bxc6 14. exd4 Bxd4 15. Bxd4 Qxd4 16. Nf3 Qb6 17. Qc2 c5 18. Rad1 a5 19. Rd3 h6 20. Rfd1 Qc7 21. Qc3 a4 22. Ne5 axb3 23. axb3 Ra2 24. Nd7 Ne4 25. Qc1 Nxf2 26. Nxf8 Qc6 27. Rd5 Nxd1 28. Nxe6 Qxe6 29. Rd8+ Kh7 30. Qb1+ g6 31. Qxa2 Qe1+ 32. Kg2 Ne3+ 33. Kf3 Nf5 34. Qf2 Qb1 35. Qxc5 Qxb3+ 36.
Kf4 Qb2 37. Qg1 Qc3 38. c5 Qf6 39. Rd1 Nh4+ 40. Ke4 Qf3+ 41. Ke5 Qf5+ 42. Kd6 Qe6+ 43. Kc7 Nf5 44. Rd7 Qe5+ 45. Kb7 Qxc5 46. Qxc5 Kg7 47. Qc3+ Kg8 48. Rd8+ Kh7 49. Qh8# 1-0

[Event "Late-Titled-Tuesday-Blitz-September-26-2023"]
[Site "Chess.com"]
[Date "2023.09.26"]
[Round "6"]
[White "rdarruda"]
[Black "JoshWeinstein"]
[Result "0-1"]
[WhiteElo "2470"]
[BlackElo "2354"]
[TimeControl "180+1"]
[EndTime "15:04:25 PDT"]
[Termination "JoshWeinstein won by checkmate"]

1. Nf3 Nf6 2. d4 g6 3. Nc3 d5 4. Bg5 Ne4 5. Bf4 Nxc3 6. bxc3 Bg7 7. e3 c5 8. c4 cxd4 9. exd4 Nc6 10. c3 O-O 11.
Be2 dxc4 12. Bxc4 Na5 13. Be2 Bf5 14. O-O Rc8 15. Qd2 Nc4 16. Bxc4 Rxc4 17. Ne5 Rc8 18.
Rac1 Be6 19. Rc2 Qd5 20. Bh6 Rfd8 21. Bxg7 Kxg7 22. Qe3 f6 23. Nf3 Kf7 24. h3 Rc7 25. Re1 Rdc8 26. Qh6 Kg8 27. Rce2 Rc6 28. Re3 Qxa2 29.
Nh4 Qc2 30. R3e2 Qb3 31. Nxg6 hxg6 32. Qxg6+ Kf8 33. Qh6+ Ke8 34. Qh5+ Kd8 35. Rd2 Qd5 36.
Qe2 Kd7 37. Rd3 Rxc3 38. Rxc3 Rxc3 39. Qb2 Rc7 40. Qa3 a6 41. Qa4+ Qc6 42. Qd1 Kc8 43. Qh5 Kb8 44. Qh8+ Ka7 45. Qf8 Bd5 46. Qg7 e5 47.
Qg4 exd4 48. Qxd4+ b6 49. h4 Bxg2 50. Qg4 Bf3 51.
Qg3 Qc3 52. Re3 Qc1+ 53. Kh2 Qh1# 0-1

[Event "Late-Titled-Tuesday-Blitz-September-26-2023"]
[Site "Chess.com"]
[Date "2023.09.26"]
[Round "6"]
[White "azikom"]
[Black "Mariia89"]
[Result "1-0"]
[WhiteElo "2612"]
[BlackElo "2080"]
[TimeControl "180+1"]
[EndTime "15:04:25 PDT"]
[Termination "azikom won by checkmate"]

1. e4 c6 2. Nc3 d5 3. Nf3 dxe4 4. Nxe4 Nf6 5. Ng3 h5 6. h3 h4 7. Ne2 Bf5 8. d3 e6 9. Be3 Nbd7 10. Qd2 Bd6 11. Bg5 Qb6 12. O-O-O a5 13. Nxh4 a4 14. Nxf5 exf5 15. a3 O-O 16. g4 Qc5 17. Be3 Qd5 18. Rg1 Qa2 19. Nc3 Qa1+ 20. Nb1 Ra6 21. gxf5 Be5 22. d4 Rb6 23. c3 Bd6 24. Qc2 Nd5 25. Bc4 N7f6 26. Bd2 Rd8 27. Rde1 Bf8 28. h4 Nc7 29. h5 Nb5 30. Bxb5 Rxb5 31. h6 c5 32. hxg7 Bxg7 33. dxc5 Rxc5 34. Bh6 Ne8 35. Bxg7 Nxg7 36. f6 Kf8 37. fxg7+ Kg8 38. Rh1 Rg5 39. Qh7# 1-0

[Event "Late-Titled-Tuesday-Blitz-September-26-2023"]
[Site "Chess.com"]
[Date "2023.09.26"]
[Round "6"]
[White "RCone"]
[Black "Ermito2020"]
[Result "1-0"]
[WhiteElo "2430"]
[BlackElo "2591"]
[TimeControl "180+1"]
[EndTime "15:04:27 PDT"]
[Termination "RCone won by resignation"]

1. e4 e6 2. d4 d5 3. e5 c5 4. c3 Nc6 5. Nf3 Qb6 6. Bd3 cxd4 7. O-O Bd7 8. Re1 Rc8 9. Nbd2 dxc3 10. bxc3 Na5 11.
Rb1 Qc7 12. c4 dxc4 13. Bc2 Ne7 14. Ba3 Nd5 15. Bxf8 Kxf8 16. Ne4 Bc6 17. Qd2 h6 18. Nd6 Rd8 19. Nd4 c3 20. Qc1 g6 21. Bxg6 fxg6 22. Nxe6+ Ke7 23. Nxc7 Nxc7 24. Qf4 Rdf8 25. Qh4+ Ke6 26. Qb4 b6 27. Qxc3 Nd5 28. Qh3+ Ke7 29. Rbc1 Nf4 30. Qa3 Ke6 31. Rxc6 Nxc6 32. Qb3+ Kd7 33.
Nf7 Rh7 34. e6+ Ke8 35. Nd6+ Ke7 36. Nb5 Rd8 37. Qa3+ Kf6 38. g3 Rd3 39. Qb2+ Kf5 40.
gxf4 Kxf4 41. Qc1+ Kf5 42. Re3 Rxe3 43. Qxe3 Ne5 44.
Nd6+ Kxe6 45. Nc4 Re7 46. Qxe5+ Kf7 47. Qd5+ 1-0

[Event "Late-Titled-Tuesday-Blitz-September-26-2023"]
[Site "Chess.com"]
[Date "2023.09.26"]
[Round "6"]
[White "ArtemDyachuk"]
[Black "AleksanderHnydiuk"]
[Result "1-0"]
[WhiteElo "2694"]
[BlackElo "2552"]
[TimeControl "180+1"]
[EndTime "15:04:29 PDT"]
[Termination "ArtemDyachuk won on time"]

1. e4 c5 2. Nf3 e6 3. d4 cxd4 4. Nxd4 Nc6 5. Nc3 a6 6. Be3 Nf6 7. f4 Bb4 8. Nxc6 bxc6 9. Bd3 d5 10. e5 Nd7 11. O-O c5 12. Bf2 O-O 13. Bg3 Rb8 14. f5 c4 15. Be2 Bc5+ 16. Kh1 Rxb2 17. Qd2 Qb6 18. Na4 Qb4 19. Qg5 h6 20. Qc1 c3 21.
Rf4 d4 22. f6 Nxe5 23. fxg7 Kxg7 24. Rh4 f6 25. Nxc5 Qxc5 26. Qxh6+ Kf7 27. Rf1 Ke7 28. Bxe5 Qxe5 29. Bh5 Qg5 30. Qh7+ Kd6 31. Rxd4+ Kc6 32. Qe4+ Kb6 33. Bf3 Qc5 34. Rc4 Qb5 35. a4 Qd7 36.
Qe3+ Ka5 37. Qc5+ Rb5 38. axb5 Qxb5 39. Qxf8 Qxc4 40. Ra1+ Kb6 41. Qd8+ 1-0

[Event "Late-Titled-Tuesday-Blitz-September-26-2023"]
[Site "Chess.com"]
[Date "2023.09.26"]
[Round "6"]
[White "GianmarcoVaR"]
[Black "BlueWizzard"]
[Result "1-0"]
[WhiteElo "2603"]
[BlackElo "2861"]
[TimeControl "180+1"]
[EndTime "15:04:29 PDT"]
[Termination "GianmarcoVaR won by resignation"]

1. b3 h5 2. Bb2 h4 3. e3 Nf6 4. h3 b6 5. Nf3 Bb7 6. c4 e6 7.
Nc3 Ne4 8. Nxe4 Bxe4 9. Be2 Na6 10. O-O Rg8 11. d3 Bb7 12. e4 g5 13. Nd2 Bg7 14.
Bxg7 Rxg7 15. d4 Qf6 16. e5 Qf4 17. Bf3 O-O-O 18. Bxb7+ Kxb7 19. Qf3+ Qxf3 20. Nxf3 g4 21. Nxh4 Nb4 22. Rfd1 gxh3 23. g3 f6 24. exf6 Rf7 25.
a3 Nc6 26. d5 exd5 27. Rxd5 Rxf6 28. Rad1 d6 29. f4 Re8 30. Kh2 Ne7 31. Re1 Nxd5 32. Rxe8 Nxf4 33. gxf4 Rxf4 34. Kxh3 a6 35. Kg3 Rd4 36.
Nf5 Rd3+ 37. Re3 Rd1 38. Kf4 b5 39. Ke4 Kb6 40. Rd3 Re1+ 41. Kd4 Ra1 42. b4 Rc1 43.
Ne3 c5+ 44. bxc5+ dxc5+ 45. Kd5 b4 46. Kd6 Ra1 47. Nd5+ Ka5 48. Kxc5 bxa3 49. Rb3 Ka4 50. Rb4+ Ka5 51. Nb6 1-0

[Event "Late-Titled-Tuesday-Blitz-September-26-2023"]
[Site "Chess.com"]
[Date "2023.09.26"]
[Round "6"]
[White "Berardino"]
[Black "WindWhistler11"]
[Result "1-0"]
[WhiteElo "2637"]
[BlackElo "2473"]
[TimeControl "180+1"]
[EndTime "15:04:29 PDT"]
[Termination "Berardino won on time"]

1. e4 e6 2. d4 d5 3. e5 c5 4.
c3 Nc6 5. Nf3 Bd7 6. Be2 f5 7.
O-O Nge7 8. Re1 Ng6 9. g3 Be7 10.
h4 O-O 11. h5 Nh8 12. Nbd2 cxd4 13. cxd4 Be8 14. h6 g5 15. Nb3 b6 16. Kg2 a5 17.
Rb1 a4 18. Na1 Bg6 19. Nc2 Nf7 20. Rh1 Rc8 21. Bd3 b5 22. Bxb5 f4 23. Bd3 g4 24.
Nh4 fxg3 25. Nxg6 hxg6 26. Qxg4 Nfxe5 27. dxe5 Nxe5 28. Qxe6+ Kh7 29. Qxe5 Rxf2+ 30. Kg1 Qf8 31. Qg7+ Qxg7 32. hxg7+ Kxg7 33. Bh6+ Kg8 34. Be3 Rf3 35. Re1 Rxc2 36. Bxc2 Rxe3 37. Rxe3 Bc5 38. Kg2 Bxe3 39. Bxg6 Bd4 40. b3 a3 41. Bd3 Kg7 42. Rh5 1-0

[Event "Late-Titled-Tuesday-Blitz-September-26-2023"]
[Site "Chess.com"]
[Date "2023.09.26"]
[Round "6"]
[White "laskakid"]
[Black "ritanovikova"]
[Result "1/2-1/2"]
[WhiteElo "2320"]
[BlackElo "2178"]
[TimeControl "180+1"]
[EndTime "15:04:29 PDT"]
[Termination "Game drawn by repetition"]

1. d4 g6 2. c4 Bg7 3. Nc3 d6 4.
Nf3 Bg4 5. Bg5 h6 6. Bh4 c6 7. e3 Nf6 8. h3 Bxf3 9. Qxf3 O-O 10. Bd3 Qa5 11. O-O Nbd7 12. Qe2 e5 13. Bg3 Rfe8 14.
dxe5 dxe5 15. Qc2 Nc5 16. Be2 Rad8 17. a3 Qc7 18. b4 Ncd7 19. Rad1 Nf8 20. c5 Qe7 21.
Bc4 a6 22. Ne4 Nxe4 23. Qxe4 Kh7 24. h4 f5 25. Qc2 h5 26. f4 e4 27. Bf2 Bf6 28. g3 Rxd1 29. Rxd1 Rd8 30. Be1 Rd7 31. Rxd7 Nxd7 32. Bb3 Bg7 33. Qc4 Nf6 34. Bc3 Qd8 35. Bd4 Nd5 36. Bxg7 Kxg7 37. Qd4+ Kh7 38. Bxd5 cxd5 39.
a4 Qd7 40. Qa1 Qc6 41. Kf2 b6 42. cxb6 Qxb6 43. Qd4 Qc6 44. Qc5 Qxa4 45. Qe7+ Kh6 46. Qf8+ Kh7 47. Qf7+ Kh6 48. Qf8+ Kh7 49. Qf7+ Kh6 50.
Qf8+ 1/2-1/2

[Event "Late-Titled-Tuesday-Blitz-September-26-2023"]
[Site "Chess.com"]
[Date "2023.09.26"]
[Round "6"]
[White "ChadBiryani"]
[Black "Jarming"]
[Result "0-1"]
[WhiteElo "2503"]
[BlackElo "2663"]
[TimeControl "180+1"]
[EndTime "15:04:31 PDT"]
[Termination "Jarming won by checkmate"]

1. Nf3 g6 2. h4 h6 3. d4 Bg7 4. Bf4 c5 5. e3 Qb6 6. b3 Nf6 7. Be2 Nc6 8. c3 d5 9. O-O Bf5 10. Ne5 O-O 11. g4 Bxb1 12. Rxb1 Rfd8 13. Bf3 Rac8 14.
Qe2 Qa5 15. Rfc1 Ne4 16. Bxe4 dxe4 17. Nxc6 Rxc6 18. b4 cxb4 19. cxb4 Rxc1+ 20. Rxc1 Qxb4 21. Rc7 a5 22. a3 Qb1+ 23. Kg2 b5 24. Rxe7 Qd3 25.
Qb2 Bxd4 26. Qa2 Rf8 27. Rd7 Qd1 28. Rxd4 Qxg4+ 29. Kf1 Qxh4 30. Bg3 Qh1+ 31. Ke2 Qf3+ 32. Ke1 h5 33. Qe2 Qf5 34. Qd2 g5 35. Rd8 h4 36.
Rxf8+ Kxf8 37. Qd8+ Kg7 38. Bd6 h3 39. Qf8+ Kg6 40. Qg8+ Kh5 41. Qh8+ Kg4 42. Bg3 Qc5 43. Kd2 Qd5+ 44. Ke1 Qc5 45. Kd2 b4 46. axb4 axb4 47. Qe8 f5 48. Qb8 Qc4 49. Bh2 b3 50. Qg3+ Kh5 51. Qxh3+ Kg6 52. Qh8 Qc2+ 53. Ke1 b2 54. Qg8+ Kh5 55. Qh7+ Kg4 56. Kf1 Qd1+ 57. Kg2 Qf3+ 58.
Kg1 b1=Q# 0-1

[Event "Late-Titled-Tuesday-Blitz-September-26-2023"]
[Site "Chess.com"]
[Date "2023.09.26"]
[Round "6"]
[White "ExchangeAB"]
[Black "glebus008"]
[Result "1-0"]
[WhiteElo "2413"]
[BlackElo "2268"]
[TimeControl "180+1"]
[EndTime "15:04:32 PDT"]
[Termination "ExchangeAB won by resignation"]

1. d4 Nf6 2. Nc3 d6 3. e4 e5 4.
dxe5 dxe5 5. Qxd8+ Kxd8 6. Bc4 Ke8 7. f3 c6 8. a4 Be6 9. Bxe6 fxe6 10. Be3 Nbd7 11. Nge2 Bc5 12. Kf2 Ke7 13. Nc1 Rhf8 14. Ke2 Nh5 15. Nd3 Bxe3 16. Kxe3 Nf4 17. Rhg1 g5 18. Rad1 a5 19. b3 Rad8 20. Ne2 Nxd3 21. Rxd3 Nc5 22. Rxd8 Rxd8 23. Nc3 Na6 24. Rd1 Rxd1 25.
Nxd1 Nb4 26. Kd2 Kd6 27. Ne3 b5 28. Kc3 h5 29. Kd2 Kc5 30. c3 Na6 31. Kd3 Nb8 32. Nc2 Nd7 33. b4+ Kb6 34. bxa5+ Kxa5 35. axb5 cxb5 36. Nb4 Nc5+ 37. Kc2 Kb6 38. Kd2 Na4 39.
Nd3 Nc5 40. Nxe5 g4 41. Nd3 gxf3 42. gxf3 Nb3+ 43. Kc2 Na5 44. Nf4 e5 45. Nxh5 Nc4 46.
Nf6 Kc6 47. Nd5 Kd6 48. Kd3 Nb2+ 49. Ke2 Nc4 50. Kf2 Na5 51. Kg3 Nc6 52. Kg4 Nd8 53. Kf5 Ne6 54. h4 Ng7+ 55. Kg6 b4 56. cxb4 Ne6 57. h5 Nf4+ 58. Nxf4 exf4 59. h6 1-0

[Event "Late-Titled-Tuesday-Blitz-September-26-2023"]
[Site "Chess.com"]
[Date "2023.09.26"]
[Round "6"]
[White "Bodhanas"]
[Black "Zavgorodniy_Sergiy"]
[Result "0-1"]
[WhiteElo "2088"]
[BlackElo "2579"]
[TimeControl "180+1"]
[EndTime "15:04:34 PDT"]
[Termination "Zavgorodniy_Sergiy won by checkmate"]

1. d4 d5 2. Nf3 Nf6 3. Bf4 e6 4. c3 c5 5. e3 Bd6 6. Bxd6 Qxd6 7. Nbd2 Nbd7 8. Bd3 O-O 9. O-O e5 10. dxe5 Nxe5 11.
Nxe5 Qxe5 12. Re1 b6 13. e4 Bb7 14. Nf3 Qf4 15. e5 Ne4 16. Qc1 Qxc1 17. Raxc1 f5 18. exf6 Nxf6 19. Re2 Rfe8 20. Rce1 Kf8 21. Ne5 a6 22. f4 Rac8 23. Nf3 Rxe2 24. Rxe2 Re8 25. Rxe8+ Kxe8 26. Ne5 Ke7 27. Kf2 h6 28. Bf5 Kd6 29. g3 a5 30. a3 Ba6 31. Ke3 Bf1 32.
Bd3 Bh3 33. b4 axb4 34. axb4 Be6 35. bxc5+ bxc5 36. h4 Bc8 37. c4 d4+ 38. Kf3 Bb7+ 39. Ke2 Ba8 40. g4 Ne4 41. Bxe4 Bxe4 42. g5 hxg5 43. hxg5 Ke6 44. Nd3 Bxd3+ 45. Kxd3 Kf5 46. Kc2 Kxf4 47. Kb3 Ke3 48. Ka4 d3 49. Kb5 Kd4 50. Kc6 d2 51. g6 d1=Q 52. Kb5 Qb3+ 53. Kc6 Qxc4 54. Kd6 Qd3 55. Ke6 Qxg6+ 56. Ke7 c4 57. Kf8 c3 58. Kg8 c2 59. Kf8 c1=Q 60. Ke7 Qc7+ 61.
Kf8 Qd8# 0-1

[Event "Late-Titled-Tuesday-Blitz-September-26-2023"]
[Site "Chess.com"]
[Date "2023.09.26"]
[Round "6"]
[White "FairChess_on_YouTube"]
[Black "Alexei_Gubajdullin"]
[Result "0-1"]
[WhiteElo "3089"]
[BlackElo "2733"]
[TimeControl "180+1"]
[EndTime "15:04:35 PDT"]
[Termination "Alexei_Gubajdullin won by resignation"]

1. c4 Nf6 2. Nc3 g6 3. g3 Bg7 4. Bg2 O-O 5. Nf3 d6 6. O-O Nbd7 7. d3 e5 8. Nd2 Ng4 9. b4 f5 10. Rb1 h5 11. h3 Nh6 12. h4 Ng4 13. b5 e4 14. Nd5 c6 15. bxc6 bxc6 16. Nf4 e3 17. Bxc6 exf2+ 18. Rxf2 Bd4 19. Nh3 f4 20. Bd5+ Kh7 21.
Nf3 Nxf2 22. Nxf2 fxg3 23. Nxd4 gxf2+ 24. Kg2 f1=Q+ 25. Qxf1 Rxf1 26. Kxf1 Rb8 27. Rxb8 Nxb8 28. Nf3 Qf6 29. Kg2 Nd7 30. Ng5+ Kh8 31. Nf7+ Kg7 32. Bh6+ Kh7 33. Bg5 Qb2 34. Bf3 Ne5 35. Bf6 Bg4 36.
Ng5+ Kg8 37. Bd5+ Kf8 38. Nh7+ Ke8 39. Bc6+ Kf7 40. Bd5+ Be6 41. Bxe5 Qxe2+ 42. Kg1 Qe1+ 43. Kh2 Qf2+ 44. Bg2 dxe5 45. Ng5+ Ke7 46. Nf3 Bg4 47. Nxe5 Qxh4+ 48. Kg1 Qe1+ 49. Bf1 Qxe5 50. d4 Qg3+ 51.
Bg2 Bf3 0-1

[Event "Late-Titled-Tuesday-Blitz-September-26-2023"]
[Site "Chess.com"]
[Date "2023.09.26"]
[Round "6"]
[White "jk13"]
[Black "Harsha_Bharathakoti"]
[Result "0-1"]
[WhiteElo "2622"]
[BlackElo "2899"]
[TimeControl "180+1"]
[EndTime "15:04:35 PDT"]
[Termination "Harsha_Bharathakoti won by resignation"]

1. e4 c5 2. c3 Nf6 3. e5 Nd5 4. Bc4 e6 5. Nf3 d6 6. d4 cxd4 7. cxd4 Be7 8. O-O O-O 9. Qe2 Bd7 10. Bd2 dxe5 11. dxe5 Bc6 12. Nc3 Nxc3 13. Bxc3 Nd7 14. Rad1 Qc7 15. Rfe1 Nb6 16. Bd3 Rfd8 17. Nd4 Bd5 18. Bb1 g6 19. Rc1 Qd7 20. Qg4 Na4 21.
h4 Nxc3 22. bxc3 h5 23. Qf4 Bf8 24. g4 hxg4 25. Qxg4 Bh6 26. Rcd1 Qe7 27. Rd3 Kh8 28. Rg3 Rg8 29. Kh2 Rac8 30. Reg1 Rg7 31. f4 b6 32.
h5 g5 33. f5 exf5 34. Nxf5 Qxe5 35. Nxh6 Rxc3 36. Nf5 Be6 37. Rg2 Rg8 38. Kh3 Rc1 39.
Bd3 Rh1+ 40. Rh2 Rd1 41. Be2 Re1 42. Bf3 Bxf5 43. h6 Bxg4+ 44. Bxg4 f5 45. Rf2 fxg4+ 46. Rxg4 Qe6 47. Rg2 Qxh6+ 48. Kg3 Re3+ 49. Kf2 Qe6 50. Rh2+ Kg7 51. Rh5 Qxg4 52. Rxg5+ Qxg5 0-1

[Event "Late-Titled-Tuesday-Blitz-September-26-2023"]
[Site "Chess.com"]
[Date "2023.09.26"]
[Round "6"]
[White "GreatOwl02"]
[Black "ejalmedina"]
[Result "0-1"]
[WhiteElo "2436"]
[BlackElo "2340"]
[TimeControl "180+1"]
[EndTime "15:04:35 PDT"]
[Termination "ejalmedina won on time"]

1. d4 d5 2. c4 e6 3. Nf3 Nf6 4.
Qc2 Bb4+ 5. Nbd2 O-O 6. g3 b6 7. Bg2 Bb7 8. O-O dxc4 9. Nxc4 Be4 10. Qb3 Be7 11. Rd1 Qc8 12. Bf4 Qb7 13. Rac1 Nbd7 14. Ne1 Bxg2 15. Nxg2 Nd5 16. Na5 Qa6 17. Nc6 Qxe2 18.
Ne3 N7f6 19. Nxe7+ Nxe7 20. Bxc7 Ned5 21. Be5 Rac8 22.
Re1 Qf3 23. Nxd5 Qxd5 24. Bxf6 Qxb3 25. axb3 gxf6 26. Rc4 Rfd8 27. Rec1 Rxc4 28. Rxc4 Kf8 29. Kg2 Ke7 30. Kf3 Kd6 31. Ke3 Rd7 32. d5 Kxd5 33.
Rh4 Rc7 34. Kd3 e5 35. Rxh7 Ke6 36. Rh4 Rd7+ 37. Ke3 Rd1 38. Rc4 Rb1 39. Rc2 f5 40. f3 f6 41. Rd2 a5 42. h4 b5 43. Kd3 a4 44. bxa4 bxa4 45. Kc3 Rg1 0-1

[Event "Late-Titled-Tuesday-Blitz-September-26-2023"]
[Site "Chess.com"]
[Date "2023.09.26"]
[Round "6"]
[White "fyall777"]
[Black "Byniolus"]
[Result "1-0"]
[WhiteElo "2581"]
[BlackElo "2762"]
[TimeControl "180+1"]
[EndTime "15:04:37 PDT"]
[Termination "fyall777 won on time"]

1. d4 d6 2. Nf3 Bg4 3. c4 c6 4.
Qb3 Qb6 5. Nc3 Nd7 6. Qxb6 axb6 7. e3 Ngf6 8. Be2 e6 9. h3 Bh5 10. Bd2 d5 11. cxd5 exd5 12. O-O Bd6 13. a4 h6 14.
g4 Bg6 15. Nh4 Bh7 16. Nf5 Bxf5 17. gxf5 O-O 18. Bd3 Rfe8 19. f3 Bb4 20. Rfe1 Rad8 21. Kf2 Kh8 22. Rg1 Nh7 23. h4 Be7 24. Rh1 Ndf6 25.
Rag1 Nh5 26. Ne2 Bf6 27. b4 Nf8 28. Rc1 Ra8 29. a5 b5 30. e4 dxe4 31. fxe4 Be7 32. e5 Nd7 33. Be4 Nb8 34. Bf3 g6 35. Bxh5 gxh5 36.
Bxh6 Na6 37. Rcg1 Rg8 38. f6 Bxb4 39. Bg7+ Kh7 40. Rg5 Bd2 41. Rf5 Kg6 42. Ng3 Rad8 43. Rg1 Rxd4 44. Rxh5 Rg4 45. Rh8 Rxh8 46. Bxh8 Rxh4 47.
Nf1+ Kh7 48. Nxd2 Kxh8 49. Rg7 Rf4+ 50. Nf3 1-0

[Event "Late-Titled-Tuesday-Blitz-September-26-2023"]
[Site "Chess.com"]
[Date "2023.09.26"]
[Round "6"]
[White "chosenpr"]
[Black "ogpin"]
[Result "0-1"]
[WhiteElo "2289"]
[BlackElo "2077"]
[TimeControl "180+1"]
[EndTime "15:04:37 PDT"]
[Termination "ogpin won by resignation"]

1. e4 c6 2. d4 d5 3. exd5 cxd5 4. Bd3 Nc6 5. c3 Qc7 6. Ne2 Bg4 7. Nd2 e5 8. dxe5 Nxe5 9. Bb5+ Bd7 10. Bxd7+ Qxd7 11. O-O Nf6 12. Nf4 Bd6 13. Nf3 O-O 14. Re1 Nxf3+ 15. Qxf3 Rfe8 16. Be3 Ne4 17. Rad1 Rad8 18. Rxd5 Qc6 19.
Red1 Nf6 20. R5d2 Qc7 21. h3 b6 22. Rd3 h6 23. Kh1 Ne4 24. Nd5 Qb7 25. Rd4 Nc5 26. b4 Ne6 27. Nf6+ gxf6 28. Qxb7 Nxd4 29. Rxd4 Be5 30. Rg4+ Kh8 31. g3 f5 32. Rh4 Bxg3 33. Rxh6+ Kg7 34. Qg2 Rd1+ 35. Qg1 Rxg1+ 36. Kxg1 Rxe3 37.
Rh5 Re1+ 38. Kg2 Be5 39. Rxf5 Bxc3 40. a4 Bxb4 41. Rf4 Bc5 42. Kg3 Ra1 43. h4 Ra3+ 44. Kg4 Ra2 45. f3 Rg2+ 46. Kf5 Rg6 47. Ke4 Re6+ 48.
Kd5 Rd6+ 49. Kc4 Rd1 50. Kb5 Rb1+ 51. Ka6 Rb4 52. Rxb4 Bxb4 53. Kxa7 Ba5 54. Kb7 Kh6 55.
Kc6 Kh5 56. Kd5 Kxh4 57. Ke5 Kg5 58. f4+ Kg6 59. Kd5 Kf5 0-1

[Event "Late-Titled-Tuesday-Blitz-September-26-2023"]
[Site "Chess.com"]
[Date "2023.09.26"]
[Round "6"]
[White "Dacean99"]
[Black "gabduschew"]
[Result "1-0"]
[WhiteElo "2556"]
[BlackElo "2385"]
[TimeControl "180+1"]
[EndTime "15:04:38 PDT"]
[Termination "Dacean99 won on time"]

1. d4 Nc6 2. Nf3 d6 3. e4 Bg4 4. d5 Nb8 5. h3 Bxf3 6. Qxf3 c6 7. c4 g6 8. Bd2 Bg7 9. Bc3 Bxc3+ 10. Qxc3 Nf6 11. Nd2 Nbd7 12. f4 O-O 13. Bd3 cxd5 14. exd5 Rc8 15. Qd4 Qb6 16. Nf3 Qa5+ 17. Kf2 Nc5 18.
Rhe1 Nxd3+ 19. Qxd3 Qb6+ 20. Kg3 Nh5+ 21. Kg4 Qxb2 22.
Qe2 Qf6 23. Qe4 Qxa1 24. Qxe7 f5+ 25. Kg5 Qf6+ 26. Kh6 Qxe7 27. Rxe7 Rf7 28. Re6 Nxf4 29. Rxd6 Nxg2 30. c5 Nf4 31. c6 bxc6 32. dxc6 Rfc7 33. Ne5 Nxh3 34. Rf6 f4 35. a3 a5 36. a4 g5 37. Rd6 f3 38. Rf6 f2 39. Kh5 Rxc6 40. Nxc6 Rxc6 41. Rf3 Kg7 42. Kg4 Rf6 43. Rxh3 f1=Q 44.
Rg3 Qf4+ 45. Kh3 g4+ 46. Kh2 Qf2+ 47. Rg2 Qxg2+ 48. Kxg2 h5 49. Kg3 Kg6 50. Kh4 Kh6 51. Kg3 Kg5 52. Kg2 h4 53. Kh2 Kf4 54. Kg2 1-0

[Event "Late-Titled-Tuesday-Blitz-September-26-2023"]
[Site "Chess.com"]
[Date "2023.09.26"]
[Round "6"]
[White "DonJuanEGenaro"]
[Black "cristiano78"]
[Result "0-1"]
[WhiteElo "1863"]
[BlackElo "2250"]
[TimeControl "180+1"]
[EndTime "15:04:38 PDT"]
[Termination "cristiano78 won by resignation"]

1. d4 Nf6 2. Nf3 g6 3. Bf4 d6 4. e3 Bg7 5. h3 O-O 6. Be2 b6 7. O-O Ba6 8. c4 Nbd7 9. Nc3 Bb7 10. a4 a5 11. Qb3 Ne4 12. Nxe4 Bxe4 13. Nd2 Bb7 14.
Bf3 Qc8 15. Bxb7 Qxb7 16. Nf3 Nf6 17. Bg3 Ne4 18. Qc2 Nxg3 19. fxg3 h6 20. Nh4 Rae8 21.
Rf2 Qc8 22. Raf1 e5 23. d5 e4 24. Rf4 g5 25. Rxe4 Rxe4 26. Qxe4 gxh4 27. Qxh4 Qd8 28.
Qxd8 Rxd8 29. b3 Re8 30. Kf2 Be5 31. g4 Kg7 32. Kf3 Kg6 33. h4 f5 34. h5+ Kg5 35. gxf5 Kxf5 36. g4+ Kg5 37. Rg1 Rf8+ 38. Ke4 Rf2 39.
Kd3 Rb2 40. Ke4 Rxb3 41. Rf1 Rc3 42. Rf8 Rxc4+ 43. Kf3 Rxa4 44. Rf5+ Kh4 45. Rf7 Rc4 46. Rh7 Rxg4 47. Rxh6 Rg5 48. Rh7 Rxh5 49. Rf7 Kg5 50. Rxc7 Rh3+ 51. Ke4 Rh2 52. Rc8 a4 53. Rb8 Rb2 54.
Rg8+ Kf6 55. Rf8+ Ke7 56. Ra8 b5 57. Kf5 Rf2+ 58. Ke4 Bb2 59. Ra5 a3 60. Rxb5 a2 61. Ra5 a1=Q 0-1